 Dungeon Crawl Stone Soup version 0.23-a0-582-g1b4a0ca (webtiles) character file.

249 zishaf the Digger (level 6, -1/41 HPs)
             Began as a Formicid Earth Elementalist on Dec 17, 2018.
             Slain by a killer bee (7 damage)
             ... on level 4 of the Dungeon.
             The game lasted 00:07:26 (3226 turns).

zishaf the Digger (Formicid Earth Elementalist)     Turns: 3226, Time: 00:07:27

Health: -1/41      AC:  5    Str: 16    XL:     6   Next: 34%
Magic:  0/10       EV: 12    Int: 17    God:
Gold:   69         SH:  0    Dex: 11    Spells: 7/11 levels left

rFire    . . .     SeeInvis +   (no weapon)
rCold    . . .     Gourm    .   (no shield)
rNeg     . . .     Faith    .   n - +0 leather armour
rPois    .         Spirit   .   (helmet unavailable)
rElec    .         Reflect  .   (no cloak)
rCorr    .         Harm     .   q - +0 pair of gloves
MR       .....                  o - +0 pair of boots
Stlth    ++........             (no amulet)
HPRegen  0.13/turn              g - +4 ring of strength
MPRegen  0.12/turn              (no ring)

@: lethally poisoned (-1 -> -3)
A: permanent stasis, dig shafts and tunnels, four strong arms, antennae 3
a: Dig, Shaft Self


You were on level 4 of the Dungeon.
You were hungry.

You visited 1 branch of the dungeon, and saw 4 of its levels.

You collected 69 gold pieces.

Inventory:

Missiles
 b - 14 stones (quivered)
Armour
 c - a +0 robe
 e - a +0 shield
 n - a +0 leather armour (worn)
 o - a +0 pair of boots (worn)
 q - a +0 pair of gloves (worn)
 s - a cursed -2 chain mail
Jewellery
 g - a +4 ring of strength (left hand)
Scrolls
 a - a scroll of magic mapping
 h - 2 scrolls of remove curse {unknown}
 p - a scroll of fog
Potions
 f - a potion of heal wounds {unknown}
 l - a potion of curing {unknown}
 m - a potion of degeneration {unknown}
 t - a potion of berserk rage {unknown}
Comestibles
 d - 4 rations


   Skills:
 - Level 2.0 Dodging
 - Level 4.0 Stealth
 - Level 3.0 Spellcasting
 - Level 2.1 Conjurations
   Level 1.1 Transmutations
 + Level 6.0 Earth Magic


You had 7 spell levels left.
You knew the following spells:

 Your Spells              Type           Power        Failure   Level  Hunger
a - Sandblast             Erth           ###...       1%          1    None
b - Stone Arrow           Conj/Erth      ###...       12%         3    ###....

Your spell library contained the following spells:

 Spells                   Type           Power        Failure   Level  Hunger
 Passwall                 Tmut/Erth      ##......     8%          2    ##.....
 Petrify                  Tmut/Erth      ##......     45%         4    ####...
 Lee's Rapid Deconstruct  Erth           ###.......   45%         5    ######.


Dungeon Overview and Level Annotations

Branches:
Dungeon (4/15)
 Temple: D:4-7

Altars:
Elyvilon
Gozag
Okawaru


Innate Abilities, Weirdness & Mutations

You cannot be hasted, slowed, berserked, paralysed or teleported.
You can dig through walls and to a lower floor.
Your four strong arms can wield two-handed weapons with a shield.
You have a pair of large antennae on your head. (SInv)


Message History

Casting: Sandblast (safe; 1% risk of failure)
Confirm with . or Enter, or press ? or * to list all spells.
Aiming: Sandblast (safe; 1% risk of failure)
Press: ? - help, Shift-Dir - straight line, f - killer bee
Aim: a killer bee The blast of sand misses the killer bee.
b - 14 stones The killer bee stings you but does no damage.
The killer bee stings you.
* * * LOW HITPOINT WARNING * * *
You are poisoned.
The killer bee poisons you!
You feel sick. The killer bee barely misses you.
The killer bee stings you but does no damage.
You feel sick.
The killer bee stings you but does no damage.
The killer bee stings you but does no damage.
You feel sick. The killer bee barely misses you. The killer bee stings you!
You die...

###### #....# #.##.#
#. #.##.# #.. #.##.#
##...#<##.###
.............#
.........@...#
###...#...y..#
#...#......######..
#...##...#.........
#......#.#.#######. #
#....#.#.#.......#..#
##.#...######.....# #
..#.. #...>.... # #.#
#y..#####


You could see a killer bee.

Vanquished Creatures
  3 killer bees (D:4)
  An orc priest (D:3)
  3 adders (D:2)
  An ooze (D:2)
  2 worms
  A dart slug (D:2)
  4 orcs (D:3)
  7 bats
  2 giant cockroaches
  8 goblins
  5 hobgoblins (D:1)
  A quokka (D:2)
  2 ball pythons (D:2)
  5 frilled lizards
  3 kobolds
  4 rats
52 creatures vanquished.

Notes
Turn   | Place    | Note
-------+----------+-------------------------------------------
     0 | D:1      | zishaf the Formicid Earth Elementalist began the quest for
                  | the Orb.
     0 | D:1      | Reached XP level 1. HP: 13/13 MP: 3/3
   355 | D:1      | Reached XP level 2. HP: 19/19 MP: 3/5
  1013 | D:2      | Reached skill level 4 in Earth Magic
  1064 | D:2      | Reached XP level 3. HP: 24/24 MP: 3/6
  1383 | D:2      | Found a white marble altar of Elyvilon.
  1457 | D:2      | Reached XP level 4. HP: 30/30 MP: 5/8
  1491 | D:2      | Learned a level 3 spell: Stone Arrow
  1522 | D:2      | Found an iron altar of Okawaru.
  1584 | D:2      | Found an opulent altar of Gozag.
  2886 | D:3      | Reached skill level 1 in Conjurations
  2886 | D:3      | Reached XP level 5. HP: 35/35 MP: 5/9
  3213 | D:4      | Reached skill level 5 in Earth Magic
  3217 | D:4      | Reached XP level 6. HP: 17/41 MP: 2/10
  3219 | D:4      | Reached skill level 6 in Earth Magic
  3226 | D:4      | Slain by a killer bee

Vault maps used:
D:1:      lemuel_arrival_hallway
D:2:      grunt_gozag_breadcrumbs, kennysheep_okawaru_gauntlet, elyvilon_altar_5
D:4:      serial_curves, eino_curves_01, eino_curves_02, eino_curves_02,
          uniq_ijyb

Skill      XL: |  1  2  3  4  5  6 |
---------------+-------------------+-----
Dodging        | 2 |  2.0
Stealth        | 3 4 |  4.0
Earth Magic    | 4 5 6 |  6.0
Spellcasting   | 3 |  3.0
Conjurations   | 1 2 |  2.1
Transmutations | |  1.1

Action                   |  1- 3 |  4- 6 || total
-------------------------+-------+-------++-------
Melee: Unarmed           |    10 |    24 ||    34
 Cast: Sandblast         |    39 |    46 ||    85
       Stone Arrow       |       |     3 ||     3
  Use: Scroll            |       |     4 ||     4
 Stab: Sleeping          |     1 |       ||     1
  Eat: Chunk             |     2 |     2 ||     4
       Ration            |       |     1 ||     1
Armor: Robe              |     1 |       ||     1
       Leather armour    |     1 |    15 ||    16
Dodge: Dodged            |    13 |    43 ||    56

Table legend:
 A = Non-vault XP
 B = Vault XP
 C = Vault XP percentage of total XP
 D = Non-vault monster count
 E = Vault monster count
 F = Vault count percentage of total count
                 A         B        C        D         E       F
            +---------+---------+-------+---------+---------+-------
      Total |     352 |       4 |   1.1 |      50 |       2 |   3.8
            +---------+---------+-------+---------+---------+-------
        D:1 |      24 |       0 |   0.0 |      15 |       0 |   0.0
        D:2 |      78 |       4 |   4.9 |      21 |       2 |   8.7
        D:3 |      65 |       0 |   0.0 |      11 |       0 |   0.0
        D:4 |     185 |       0 |   0.0 |       3 |       0 |   0.0
            +---------+---------+-------+---------+---------+-------
